 Dungeon Crawl Stone Soup version 0.18.1-8-gdd0e5ea (webtiles) character file.

67 santipi the Gusty (level 4, 0/24 HPs)
             Began as a Tengu Air Elementalist on June 9, 2016.
             Was a Believer of Zin.
             Killed from afar by Natasha (6 damage)
             ... with a magic dart
             ... on level 2 of the Dungeon.
             The game lasted 00:10:47 (1644 turns).

santipi the Gusty (Tengu Air Elementalist)          Turns: 1644, Time: 00:10:51

Health: 0/24       AC:  3    Str:  8    XL:     4   Next: 18%
Magic:  0/8        EV: 13    Int: 16    God:    Zin [**....]
Gold:   53         SH:  0    Dex: 15    Spells: 2 memorised, 3 levels left

rFire  . . .     SeeInvis .     (no weapon)
rCold  . . .     Gourm    .     a - +0 robe
rNeg   . . .     Faith    .     (no shield)
rPois  .         Spirit   .     (helmet restricted)
rElec  .         Dismiss  .     (no cloak)
rCorr  .         Reflect  .     f - +0 pair of gloves
SustAt .         Harm     .     (boots unavailable)
MR     .....                    (no amulet)
Stlth  ++........               (no ring)
                                (no ring)

@: short of breath, slowed, very slow, not resistant to hostile enchantments,
unstealthy
A: beak, talons 3
a: Recite, Vitalisation, Donate Gold, Renounce Religion


You were on level 2 of the Dungeon.
You worshipped Zin.
Zin was pleased with you.
You were not hungry.

You visited 1 branch of the dungeon, and saw 2 of its levels.

You collected 118 gold pieces.
You donated 65 gold pieces to Zin.

Inventory:

Armour
 a - a +0 robe (worn)
 f - a +0 pair of gloves (worn)
Jewellery
 m - an uncursed ring of sustain attributes {unknown}
Scrolls
 e - 2 scrolls of random uselessness {unknown}
 k - a scroll of blinking {unknown}
 l - 2 scrolls of remove curse {unknown}
 q - 2 scrolls of recharging {unknown}
 r - a scroll of amnesia {unknown}
 s - a scroll of fog {unknown}
 u - a scroll of identify {unknown}
 w - a scroll of noise {unknown}
Potions
 d - 2 potions of heal wounds {unknown}
 i - 2 potions of flight {unknown}
 j - 2 potions of resistance {unknown}
 n - a potion of mutation {unknown}
 o - 2 potions of agility {unknown}
 p - a potion of curing {unknown}
Books
 b - a book of Air

   Spells                             Type                      Level
   a - Shock                          Conjuration/Air              1
   b - Swiftness                      Charms/Air                   2
   c - Repel Missiles                 Charms/Air                   2
   d - Static Discharge               Conjuration/Air              3
   e - Lightning Bolt                 Conjuration/Air              5
Comestibles
 c - a bread ration
 g - a meat ration
 h - a royal jelly
 t - a beef jerky
 v - 4 chunks of flesh


   Skills:
 + Level 0.4 Fighting
 + Level 2.6 Dodging
 + Level 2.4 Stealth
 + Level 2.3 Spellcasting
 + Level 2.5 Conjurations
 + Level 4.9 Air Magic


You had 3 spell levels left.
You knew the following spells:

 Your Spells              Type           Power        Failure   Level  Hunger
a - Shock                 Conj/Air       ##..         6%          1    #......
b - Static Discharge      Conj/Air       ##......     14%         3    ###....


Dungeon Overview and Level Annotations

Branches:
Dungeon (2/15)

Altars:
Cheibriados
Zin

Annotations:
D:2 Natasha


Innate Abilities, Weirdness & Mutations

You have a beak for a mouth.
You have claws for feet.


Message History

The shadow imp is lost in a daze.
The shadow imp is lost in a daze.
The shadow imp disappears for a moment.
The shadow imp gestures at you. Pain shoots through your body!
Natasha claws you.
* * * LOW HITPOINT WARNING * * *
The shadow imp is lost in a daze.
Natasha mumbles some strange words.
There is a glowing silver altar of Zin here.
The shadow imp grins evilly.
The shadow imp hits you.
* * * LOW HITPOINT WARNING * * *
Casting: Static Discharge
Confirm with . or Enter, or press ? or * to list all spells.
The shadow imp is struck by lightning.
You kill the shadow imp!
The lightning grounds out.
Natasha stares at you and mumbles some strange words.
The magic dart hits you!
You die...

####### #.....# #.....##
########
#......###......####
#####........#@....#
#####...#h#.(..#
#...5#.....# .....#
#.....[..>.# #
.....######..........#.#
.%#####
.....##.......5.....(..#
#......
.....##...............##
#.
.....##..............##
##
.....##....#.###.#####


You could see Natasha and a shadow imp (dazed).

Vanquished Creatures
  An ooze (D:2)
  3 dart slugs
  2 giant geckos
  A ball python (D:2)
  4 giant cockroaches
  7 goblins
  8 hobgoblins
  4 jackals
  4 kobolds
  6 bats
  5 giant newts
  6 rats
51 creatures vanquished.

Notes
Turn   | Place    | Note
--------------------------------------------------------------
     0 | D:1      | santipi the Tengu Air Elementalist began the quest for the Orb.
     0 | D:1      | Reached XP level 1. HP: 10/10 MP: 4/4
   138 | D:1      | Reached XP level 2. HP: 1/15 MP: 0/6
   593 | D:1      | Reached XP level 3. HP: 4/19 MP: 0/7
  1266 | D:2      | Learned a level 3 spell: Static Discharge
  1482 | D:2      | Found a snail-covered altar of Cheibriados.
  1485 | D:2      | Reached XP level 4. HP: 24/24 MP: 2/8
  1514 | D:2      | Noticed Natasha
  1583 | D:2      | Found a faded altar to an unknown god.
  1604 | D:2      | Became a worshipper of Zin the Law-Giver
  1604 | D:2      | Reached * piety under Zin
  1604 | D:2      | Reached ** piety under Zin
  1604 | D:2      | Donated 54 gold pieces to Zin
  1644 | D:2      | Killed from afar by Natasha

Skill      XL: |  1  2  3 |
---------------+----------+-----
Conjurations   | 2 |  2.5
Fighting       | |  0.4
Dodging        | |  2.6
Stealth        | |  2.4
Spellcasting   | |  2.3
Air Magic      | |  4.9

Action                   |  1- 3 |  4- 6 || total
-------------------------+-------+-------++-------
Melee: Unarmed           |    34 |     1 ||    35
       Kick              |     8 |       ||     8
       Peck              |     8 |       ||     8
 Cast: Shock             |    70 |     6 ||    76
       Static Discharge  |     1 |     4 ||     5
Invok: Recite            |       |     1 ||     1
       Donate Gold       |       |     1 ||     1
 Stab: Sleeping          |     1 |       ||     1
  Eat: Chunk             |     3 |     1 ||     4
Armor: Robe              |    19 |       ||    19
Dodge: Dodged            |    40 |     5 ||    45
